 Dungeon Crawl Stone Soup version 0.22-a0-240-g539252a (webtiles) character file.

21450 sankara the Fighter (level 12, -17/106 HPs)
             Began as a Minotaur Fighter on Feb 21, 2018.
             Was a High Priest of Hepliaklqana.
             Killed from afar by a tengu reaver (36 damage)
             ... with a bolt of magma
             ... on level 12 of the Dungeon.
             The game lasted 00:44:15 (14068 turns).

sankara the Fighter (Minotaur Fighter)             Turns: 14068, Time: 00:44:15

Health: -17/106    AC: 24    Str: 24    XL:     12   Next: 54%
Magic:  15/15      EV:  8    Int:  6    God:    Hepliaklqana [*****.]
Gold:   707        SH: 10    Dex: 11    Spells: 4/11 levels left

rFire    . . .     SeeInvis .   a - +1 trident
rCold    . . .     Gourm    .   c - +0 shield
rNeg     . . .     Faith    .   Y - +0 plate armour
rPois    .         Spirit   .   N - +2 hat
rElec    .         Reflect  .   X - +1 cloak
rCorr    .         Harm     .   L - +0 pair of gloves
MR       .....                  U - +0 pair of boots
Stlth    ..........             m - amulet of rage {+Rage, !d}
HPRegen  0.27/turn              Q - +3 ring of protection
MPRegen  0.14/turn              t - ring of protection from magic {MR+, !d}

@: vulnerable
A: retaliatory headbutt, reduced essence, horns 2
a: Recall Ancestor, Ancestor Identity, Transference, Idealise, Renounce
Religion, Evoke Berserk Rage


You were on level 12 of the Dungeon.
You worshipped Hepliaklqana.
Hepliaklqana was extremely pleased with you.
You were not hungry.

You visited 2 branches of the dungeon, and saw 13 of its levels.
You also visited: Sewer.

You collected 707 gold pieces.

Inventory:

Hand Weapons
 a - a +1 trident (weapon)
 g - a +0 hunting sling
   (You found it on level 2 of the Dungeon)
 z - a +0 scythe
   (You took it off Sigmund on level 4 of the Dungeon)
Missiles
 e - 366 stones (quivered)
 q - 12 tomahawks
 G - 93 sling bullets
 O - 6 curare-tipped needles
 R - a throwing net {=f, !d}
Armour
 c - a +0 shield (worn)
 I - a +0 chain mail
   (You found it on level 5 of the Dungeon)
 L - a +0 pair of gloves (worn)
   (You found it on level 6 of the Dungeon)
 N - a +2 hat (worn)
   (You found it on level 6 of the Dungeon)
 U - a +0 pair of boots (worn)
   (You found it on level 9 of the Dungeon)
 X - a +1 cloak (worn)
   (You found it on level 11 of the Dungeon)
 Y - a +0 plate armour (worn)
   (You took it off an orc warrior on level 9 of the Dungeon)
Jewellery
 d - an uncursed ring of wizardry {Wiz+, !d}
   (You found it on level 4 of the Dungeon)
 l - a +5 ring of intelligence
   (You found it on level 1 of the Dungeon)
 m - an amulet of rage (around neck) {+Rage, !d}
   (You found it on level 1 of the Dungeon)
 t - a ring of protection from magic (right hand) {MR+, !d}
   (You found it on level 5 of the Dungeon)
 B - an uncursed ring of see invisible {sInv, !d}
   (You found it on level 10 of the Dungeon)
 E - a +4 ring of strength
   (You found it on level 2 of the Dungeon)
 P - an uncursed ring of ice {rC+, rF-}
   (You found it on level 7 of the Dungeon)
 Q - a +3 ring of protection (left hand)
   (You found it on level 8 of the Dungeon)
 S - an uncursed ring of positive energy {rN+}
   (You found it on level 8 of the Dungeon)
Wands
 o - a wand of flame (44)
   (You found it on level 4 of the Dungeon)
 F - a wand of iceblast (11)
   (You took it off Ijyb on level 3 of the Dungeon)
 K - a wand of paralysis (9)
   (You found it on level 7 of the Dungeon)
 W - a wand of enslavement (20)
   (You found it on level 9 of the Dungeon)
Scrolls
 b - 2 scrolls of torment {unknown}
 j - 10 scrolls of teleportation
 k - 4 scrolls of blinking {unknown}
 n - 11 scrolls of identify
 p - 7 scrolls of remove curse
 v - 4 scrolls of magic mapping {!r}
 x - 2 scrolls of fear {unknown}
 y - a scroll of enchant weapon
 D - 2 scrolls of noise {unknown}
 H - 4 scrolls of fog {unknown}
 V - a scroll of amnesia
Potions
 h - a potion of cancellation
 i - 4 potions of curing {unknown}
 r - 2 potions of magic {unknown}
 s - 2 potions of flight {unknown}
 u - 4 potions of heal wounds
 w - 3 potions of brilliance
 C - 2 potions of haste {unknown}
 J - a potion of mutation {unknown}
 M - 2 potions of agility {unknown}
 Z - a potion of resistance
Miscellaneous
 A - a fan of gales
   (You found it on level 10 of the Dungeon)
Comestibles
 f - 31 rations


   Skills:
 + Level 14.8 Fighting
 - Level 14.0 Polearms
 + Level 9.1 Armour
 + Level 7.3 Dodging
 + Level 5.7 Shields
 + Level 5.8 Invocations


You had 4 spell levels left.
You knew the following spells:

 Your Spells              Type           Power        Failure   Level  Hunger
a - Passwall              Tmut/Erth      #.........   100%        2    ###....
b - Apportation           Tloc           #.....       100%        1    ##.....
c - Summon Butterflies    Summ           #.......     100%        1    ##.....
d - Lesser Beckoning      Tloc           #.........   100%        3    ####...


Dungeon Overview and Level Annotations

Branches:
Dungeon (12/15)            Temple (1/1) D:5            Lair (0/6) D:9
    Orc: D:9-12

Altars:
Ashenzari
Cheibriados
Dithmenos
Elyvilon
Fedhas
Gozag
Hepliaklqana
Kikubaaqudgha
Makhleb
Nemelex Xobeh
Okawaru
Qazlal
Ru
Sif Muna
Trog
Uskayaw
Vehumet
Wu Jian
Xom
Yredelemnul
Zin
The Shining One

Annotations:
D:6 TBriggs11TB's ghost, novice DrBe


Innate Abilities, Weirdness & Mutations

You reflexively headbutt those who attack you in melee.
You have a pair of horns on your head.
Your life essence is reduced to manifest your ancestor. (-10% HP)


Message History

Your shield and plate armour prevent you from hitting the phantasmal warrior.
You block the phantasmal warrior's attack.
Dino barely misses the tengu reaver.
Dino blocks the tengu reaver's attack.
The tengu reaver pecks dino but does no damage.
The tengu reaver claws dino but does no damage.
You puncture the phantasmal warrior! You headbutt the phantasmal warrior.
The phantasmal warrior is lightly damaged.
You block the phantasmal warrior's attack.
You hit the phantasmal warrior but do no damage.
The phantasmal warrior is lightly damaged.
The boggart hits dino but does no damage.
Dino hits the boggart with a flail!
Dino blocks the tengu reaver's attack.
The tengu reaver pecks dino.
Dino blocks the tengu reaver's attack.
You hit the phantasmal warrior.
Your headbutt misses the phantasmal warrior.
The phantasmal warrior is moderately damaged.
The phantasmal warrior hits you but does no damage.
The boggart hits dino but does no damage.
You puncture the phantasmal warrior!
You headbutt the phantasmal warrior, but do no damage.
The phantasmal warrior is moderately damaged.
Dino hits the boggart with a flail.
You block the phantasmal warrior's attack.
The tengu reaver hits dino but does no damage.
The tengu reaver pecks dino but does no damage.
The tengu reaver claws dino but does no damage.
The boggart hits dino but does no damage.
You hit the phantasmal warrior but do no damage.
Your headbutt misses the phantasmal warrior.
The phantasmal warrior is moderately damaged.
Dino blocks the brown ugly thing's attack.
You hit the phantasmal warrior but do no damage.
The phantasmal warrior is moderately damaged.
The boggart hits dino but does no damage.
Dino hits the boggart with a flail!
The boggart dies!
The phantasmal warrior hits you!
The brown ugly thing engulfs dino but does no damage.
The tengu reaver hits dino but does no damage.
Dino blocks the tengu reaver's attack. x2
You are too injured to fight recklessly!
You are too injured to fight recklessly!
You are too injured to fight recklessly!
You are too injured to fight recklessly!
You are too injured to fight recklessly!
Unknown command.
You are too injured to fight recklessly!
You are too injured to fight recklessly!
You are too injured to fight recklessly!
You hit the phantasmal warrior but do no damage.
The phantasmal warrior is moderately damaged.
You block the phantasmal warrior's attack.
Dino hits the brown ugly thing with a flail!
Attack whom?
Press: ? - help, Dir - move target cursor, f/p - tengu reaver
Aim: a tengu reaver, wielding a battleaxe of freezing and wearing a ring mail (lightly wounded)
You could not reach far enough!
The brown ugly thing engulfs dino but does no damage.
The tengu reaver hits dino with a battleaxe of freezing!
The tengu reaver freezes dino.
The tengu reaver pecks dino.
The tengu reaver claws dino.
Attack whom?
Press: ? - help, Dir - move target cursor, f/p - tengu reaver
Aim: a tengu reaver, wielding a battleaxe of freezing and wearing a ring mail (lightly wounded)
You could not reach far enough!
The phantasmal warrior hits you!
The brown ugly thing engulfs dino but does no damage.
Dino closely misses the brown ugly thing.
Attack whom?
Press: ? - help, Dir - move target cursor, f/p - tengu reaver
Aim: a tengu reaver, wielding a battleaxe of freezing and wearing a ring mail (lightly wounded)
You could not reach far enough!
The tengu reaver gestures at you while chanting.
The bolt of magma hits dino.
Dino partially resists.
Dino is destroyed!
The bolt of magma hits you!
The phantasmal warrior hits you but does no damage.
Attack whom?
Press: ? - help, Dir - move target cursor, f/p - tengu reaver
Aim: a tengu reaver, wielding a battleaxe of freezing and wearing a ring mail (lightly wounded)
You reach to attack!
You puncture the tengu reaver!
The tengu reaver is moderately wounded.
Unknown command.
The phantasmal warrior closely misses you.
You block the brown ugly thing's attack.
The tengu reaver gestures wildly while chanting.
The tengu reaver conjures a globe of magical energy!
A battlesphere comes into view.
The phantasmal warrior blinks!
Your shield and plate armour prevent you from hitting the phantasmal warrior.
The phantasmal warrior is moderately damaged.
You block the brown ugly thing's attack.
The phantasmal warrior misses you. The phantasmal warrior hits you!!
* * * LOW HITPOINT WARNING * * *
Your magical defenses are stripped away!
You block the brown ugly thing's attack.
The tengu reaver casts a spell at you. The bolt of magma hits you!
You die...

#.# ##....## #.##
##...(######. #..#
##.....(.....$ ##.#
##....#.......(
#.###....##))....#.
#†##Q*..###.....##
#)#.u..........##
#.W...#.......##
#.@..##......##
#...###.....##
##............
#............
#############


You could see a tengu reaver, a brown ugly thing, a phantasmal warrior and a
battlesphere.

Vanquished Creatures
  4 two-headed ogres
  2 slime creatures (D:12)
  An unseen horror (D:11)
  Pikel (D:3)
  An ugly thing (D:11)
  3 cyclopes
  A manticore (D:11)
  A guardian serpent (D:9)
  Psyche (D:8)
  A komodo dragon (D:11)
  3 trolls
  Prince Ribbit (D:6)
  3 hippogriffs
  A dream sheep (D:9)
  Sigmund (D:4)
  A vampire (D:11)
  2 wyverns (D:11)
  12 yaks
  A steam dragon (D:12)
  The ghost of tidbits the Slasher, an amateur GnWn (D:7)
  6 vampire mosquitoes (D:12)
  Edmund (D:5)
  4 orc warriors
  3 ice beasts
  2 sky beasts
  A slave (D:3)
  A black bear (D:8)
  A phantom (D:4)
  A necrophage (D:10)
  5 centaurs
  6 ogres
  3 big kobolds
  Blork the orc (D:5)
  5 bullfrogs
  4 scorpions
  10 killer bees
  8 howler monkeys
  2 crimson imps (D:11)
  4 hounds
  2 jellies
  4 orc priests
  2 bullfrog skeletons
  Natasha (D:2)
  6 orc wizards
  5 worker ants
  Ijyb (D:3)
  3 hound skeletons
  A worker ant zombie (D:10)
  21 adders
  2 river rats (Sewer)
  4 gnolls
  4 shadow imps
  4 oozes
  An adder zombie (D:6)
  An adder skeleton (D:6)
  5 worms
  A dart slug (D:3)
  A leopard gecko (D:5)
  31 orcs
  8 giant cockroaches
  5 hobgoblins
  9 jackals
  5 quokkas
  16 ball pythons
  3 bats (D:1)
  5 frilled lizards
  3 goblins (D:1)
  2 jackal skeletons
  A jackal zombie (D:5)
  15 kobolds
  2 leopard gecko skeletons
  A leopard gecko zombie (D:7)
  8 rats
293 creatures vanquished.

Vanquished Creatures (collateral kills)
  A hydra (D:9)
  The ghost of confidenceinterval the Digger, a novice GrEE (D:5)
  A hippogriff (D:10)
  A dream sheep (D:9)
  A slime creature (D:12)
  8 yaks
  A hungry ghost (D:11)
  A vampire mosquito (D:12)
  3 porcupines (D:9)
  2 sky beasts
  A boggart (D:12)
  3 centaurs
  2 big kobolds (D:9)
  A bullfrog (D:7)
  7 killer bees
  4 howler monkeys
  A centaur zombie (D:10)
  2 crimson imps
  A hound (D:11)
  2 jellies (D:10)
  An orc priest (D:11)
  A gnoll shaman (D:4)
  A centaur skeleton (D:7)
  Natasha (D:2)
  A hound zombie (D:10)
  A hound skeleton (D:7)
  An adder (D:10)
  2 gnolls (D:4)
  A shadow imp (D:10)
  A leopard gecko (D:10)
  4 orcs
  2 fungi (D:9)
61 creatures vanquished.

Vanquished Creatures (others)
  2 slaves (D:4)
  9 knights
  3 ancestors
14 creatures vanquished.

Grand Total: 368 creatures vanquished

Notes
Turn   | Place    | Note
-------+----------+-------------------------------------------
     0 | D:1      | sankara the Minotaur Fighter began the quest for the Orb.
     0 | D:1      | Reached XP level 1. HP: 19/19 MP: 0/0
   111 | D:1      | Reached skill level 3 in Polearms
   111 | D:1      | Reached XP level 2. HP: 22/27 MP: 1/1
   170 | D:1      | Reached skill level 4 in Fighting
   412 | D:1      | Reached XP level 3. HP: 33/33 MP: 2/2
   763 | D:2      | Reached skill level 4 in Polearms
   795 | D:2      | Found a deep blue altar of Sif Muna.
  1009 | D:3      | Reached XP level 4. HP: 40/41 MP: 3/3
  1287 | D:4      | Noticed a hand axe
  1287 | D:4      | Found a hide-covered altar of Uskayaw.
  1287 | D:4      | Noticed a hand axe
  1292 | D:4      | Reached skill level 5 in Polearms
  1293 | D:4      | Noticed Sigmund
  1302 | D:4      | Killed Sigmund
  1302 | D:4      | Reached skill level 5 in Fighting
  1302 | D:4      | Reached skill level 6 in Polearms
  1302 | D:4      | Reached XP level 5. HP: 39/48 MP: 4/4
  1334 | D:4      | Reached XP level 6. HP: 47/56 MP: 5/5
  1341 | D:4      | Noticed a slave
  1342 | D:4      | Noticed a slave
  1342 | D:4      | Noticed a slave
  1343 | D:4      | Noticed Pikel
  1344 | D:4      | Noticed a slave
  1383 | D:3      | Killed a slave
  1565 | D:3      | Killed Pikel
  1565 | D:3      | Reached skill level 6 in Fighting
  1565 | D:3      | Reached skill level 8 in Polearms
  1565 | D:3      | Reached XP level 7. HP: 22/64 MP: 6/6
  1983 | D:4      | Reached skill level 7 in Fighting
  2005 | D:4      | Found a glowing drain.
  2017 | Sewer    | Entered a sewer
  2046 | Sewer    | Reached skill level 9 in Polearms
  2690 | D:4      | Found a radiant altar of Vehumet.
  2721 | D:5      | Entered Level 5 of the Dungeon
  2726 | D:5      | Found a staircase to the Ecumenical Temple.
  2736 | Temple   | Entered the Ecumenical Temple
  2920 | Temple   | Became a worshipper of Hepliaklqana the Forgotten
  3027 | D:4      | Reached XP level 8. HP: 51/65 MP: 7/7
  3484 | D:2      | Noticed Natasha
  3489 | D:2      | Killed Natasha
  3909 | D:2      | Noticed Natasha
  3915 | D:2      | Killed Natasha
  3929 | D:3      | Reached * piety under Hepliaklqana
  4160 | D:3      | Noticed Ijyb
  4168 | D:3      | Killed Ijyb
  4168 | D:3      | Reached skill level 10 in Polearms
  4367 | D:3      | Found an ornate altar of the Wu Jian Council.
  4824 | D:5      | Reached skill level 8 in Fighting
  4846 | D:5      | Noticed confidenceinterval's ghost (novice GrEE)
  4856 | D:5      | Killed confidenceinterval's ghost
  4905 | D:5      | Noticed Edmund
  4925 | D:5      | Killed Edmund
  4925 | D:5      | Reached skill level 11 in Polearms
  5013 | D:5      | Found a shadowy altar of Dithmenos.
  5388 | D:5      | Noticed Blork the orc
  5401 | D:5      | Killed Blork the orc
  5401 | D:5      | Reached XP level 9. HP: 72/73 MP: 8/8
  5508 | D:5      | Reached skill level 9 in Fighting
  5975 | D:6      | Noticed TBriggs11TB's ghost (novice DrBe)
  6260 | D:6      | HP: 2/74 [TBriggs11TB's ghost (20)]
  6792 | D:6      | Noticed Prince Ribbit
  6868 | D:6      | Killed Prince Ribbit
  6868 | D:6      | Reached skill level 12 in Polearms
  6924 | D:6      | Reached ** piety under Hepliaklqana
  6925 | D:6      | Remembered your ancestor dino as a knight
  7226 | D:6      | Found a sacrificial altar of Ru.
  7905 | D:7      | Reached skill level 10 in Fighting
  7908 | D:7      | Reached skill level 13 in Polearms
  7965 | D:7      | Noticed tidbits's ghost (amateur GnWn)
  7975 | D:7      | Killed tidbits's ghost
  8152 | D:7      | Reached *** piety under Hepliaklqana
  8534 | D:8      | Noticed Psyche
  8541 | D:8      | Killed Psyche
  8728 | D:8      | Found a glowing golden altar of the Shining One.
  8737 | D:8      | Reached XP level 10. HP: 84/84 MP: 9/9
  9230 | D:8      | Reached skill level 14 in Polearms
  9507 | D:8      | Found a basalt altar of Yredelemnul.
  9507 | D:8      | Found a glowing silver altar of Zin.
  9593 | D:9      | Reached skill level 11 in Fighting
  9985 | D:9      | Reached skill level 12 in Fighting
 10185 | D:9      | Reached skill level 13 in Fighting
 10213 | D:9      | Noticed a two-headed hydra
 10222 | D:9      | Killed a two-headed hydra
 10222 | D:9      | Reached skill level 4 in Armour
 10222 | D:9      | Reached skill level 2 in Dodging
 10330 | D:9      | Noticed a guardian serpent
 10340 | D:9      | Killed a guardian serpent
 10341 | D:9      | Reached skill level 5 in Armour
 10342 | D:9      | Reached XP level 11. HP: 69/96 MP: 10/10
 10468 | D:9      | Found a shattered altar of Ashenzari.
 10502 | D:9      | Reached **** piety under Hepliaklqana
 10527 | D:9      | Found a glowing golden altar of the Shining One.
 10635 | D:9      | Found a staircase to the Lair.
 10645 | D:9      | Reached skill level 3 in Dodging
 10804 | D:10     | Entered Level 10 of the Dungeon
 10953 | D:10     | Learned a level 2 spell: Passwall
 10992 | D:10     | Noticed a two-headed ogre
 11004 | D:10     | Killed a two-headed ogre
 11004 | D:10     | Reached skill level 1 in Invocations
 11106 | D:10     | Reached skill level 6 in Armour
 11106 | D:10     | Reached skill level 4 in Dodging
 11203 | D:10     | Reached skill level 2 in Invocations
 11550 | D:10     | Noticed a two-headed ogre
 11560 | D:10     | Killed a two-headed ogre
 11744 | D:10     | Reached skill level 3 in Invocations
 12105 | D:11     | Noticed a purple ugly thing
 12117 | D:11     | Killed a purple ugly thing
 12117 | D:11     | Reached skill level 5 in Dodging
 12293 | D:11     | Reached skill level 14 in Fighting
 12293 | D:11     | Reached skill level 7 in Armour
 12575 | D:11     | Noticed an unseen horror
 12576 | D:11     | Killed an unseen horror
 12576 | D:11     | Reached skill level 4 in Invocations
 12874 | D:11     | Reached skill level 6 in Dodging
 12886 | D:11     | Reached ***** piety under Hepliaklqana
 13032 | D:11     | Learned a level 1 spell: Apportation
 13034 | D:11     | Learned a level 1 spell: Summon Butterflies
 13038 | D:11     | Learned a level 3 spell: Lesser Beckoning
 13229 | D:11     | Reached XP level 12. HP: 106/106 MP: 14/14
 13234 | D:11     | Reached skill level 8 in Armour
 13242 | D:11     | Reached skill level 4 in Shields
 13505 | D:11     | Reached skill level 5 in Invocations
 13572 | D:12     | Noticed a two-headed ogre
 13657 | D:12     | Killed a two-headed ogre
 13675 | D:12     | Noticed a two-headed ogre
 13683 | D:12     | Killed a two-headed ogre
 13683 | D:12     | Reached skill level 5 in Shields
 13787 | D:12     | Reached skill level 7 in Dodging
 13928 | D:12     | Reached skill level 9 in Armour
 14036 | D:12     | Noticed a tengu reaver
 14067 | D:12     | HP: 19/106 [phantasmal warrior (25)]
 14068 | D:12     | Killed from afar by a tengu reaver

Vault maps used:
D:1:      dpeg_arrival_simpleton_c
D:2:      lemuel_round_altar, serial_aquarium, aquarium_bridge_square,
          aquarium_bridge_square, aquarium_window_corridor_3,
          aquarium_window_fake, aquarium_window_1, aquarium_window_corner,
          aquarium_view_2e, aquarium_view_2b, aquarium_balcony_1a,
          amethyst_killhole, minmay_snake_closets, uniq_natasha
D:3:      lemuel_coloured_pillars_altar, uniq_ijyb
D:4:      dancing_weapons_uskayaw, lemuel_doored_altar, portal_sewer_entry_d,
          uniq_sigmund, uniq_pikel
D:5:      nicolae_dithmenos_through_a_glass_darkly, temple_fountains,
          first_ration, uniq_blork_the_orc, uniq_edmund
D:6:      nicolae_ru_the_path_less_chosen, uniq_prince_ribbit1
D:8:      nicolae_whirlpool, gammafunk_temple_overflow_statue, basic_altar,
          grunt_decor_clamped, uniq_psyche
D:9:      tso_oasis_becter, evilmike_ruin_ashenzari,
          grunt_lair_entry_orc_guard_hut, serial_curves, eino_curves_01,
          eino_curves_01, hangedman_ranch, mrwooster_statue_mirror,
          nrook_guardian_serpent_double
D:10:     cheibrodos_ideogram_h
D:12:     minmay_outward_triangles, minmay_orc_entry_guard_dogs
Temple:   minmay_temple_bridge_abc
Sewer:    sewer_co_15_rooms

Skill      XL: |  1  2  3  4  5  6  7  8  9 10 11 12 |
---------------+-------------------------------------+-----
Polearms       | 3 4 6 8 9 11 13 14 | 14.0
Fighting       | 4 5 6 7 8 10 13 14 | 14.8
Armour         | 5 7 9 |  9.1
Dodging        | 2 6 7 |  7.3
Invocations    | 4 5 |  5.8
Shields        | 5 |  5.7

Action                   |  1- 3 |  4- 6 |  7- 9 | 10-12 || total
-------------------------+-------+-------+-------+-------++-------
Melee: Trident           |    89 |    82 |   441 |   642 ||  1254
       Headbutt          |     5 |    12 |    62 |   105 ||   184
Invok: Ancestor Identity |       |       |     1 |       ||     1
       Recall Ancestor   |       |       |     2 |       ||     2
       Ancestor Life: Kn |       |       |     1 |       ||     1
  Use: Potion            |       |     4 |       |       ||     4
       Scroll            |       |       |     6 |     1 ||     7
 Stab: Distracted        |       |       |     5 |     5 ||    10
  Eat: Chunk             |       |     2 |    20 |    14 ||    36
       Ration            |       |       |     1 |     1 ||     2
Armor: Scale mail        |    25 |    23 |    39 |       ||    87
       Chain mail        |       |       |    34 |    44 ||    78
       Plate armour      |       |       |       |   118 ||   118
Dodge: Dodged            |    26 |    20 |    46 |    80 ||   172
Block: Shield            |    28 |    37 |   106 |   197 ||   368

Table legend:
 A = Spawn XP
 B = Non-spawn XP
 C = Spawn XP percentage of total XP
 D = Spawn monster count
 E = Non-spawn monster count
 F = Spawn count percentage of total count
 G = Total turns spent on level
                    A         B        C        D         E        F      G
               +---------+---------+-------+---------+---------+-------+---------
         Total |       0 |   30644 |   0.0 |       0 |     351 |   0.0 | 14068
               +---------+---------+-------+---------+---------+-------+---------
           D:1 |       0 |      53 |   0.0 |       0 |      27 |   0.0 |   736
           D:2 |       0 |     213 |   0.0 |       0 |      20 |   0.0 |   985
           D:3 |       0 |     738 |   0.0 |       0 |      35 |   0.0 |  1230
           D:4 |       0 |     682 |   0.0 |       0 |      24 |   0.0 |  1033
           D:5 |       0 |    1059 |   0.0 |       0 |      19 |   0.0 |  1641
           D:6 |       0 |     612 |   0.0 |       0 |      20 |   0.0 |   868
           D:7 |       0 |    1204 |   0.0 |       0 |      18 |   0.0 |  1166
           D:8 |       0 |    1590 |   0.0 |       0 |      17 |   0.0 |  1135
           D:9 |       0 |    4859 |   0.0 |       0 |      36 |   0.0 |  1235
          D:10 |       0 |    5051 |   0.0 |       0 |      37 |   0.0 |  1423
          D:11 |       0 |    8164 |   0.0 |       0 |      45 |   0.0 |  1408
          D:12 |       0 |    6217 |   0.0 |       0 |      32 |   0.0 |   433
         Sewer |       0 |     202 |   0.0 |       0 |      21 |   0.0 |   570
               +---------+---------+-------+---------+---------+-------+---------

Vault maps used:
D:1:      dpeg_arrival_simpleton_c
D:2:      lemuel_round_altar, serial_aquarium, aquarium_bridge_square,
          aquarium_bridge_square, aquarium_window_corridor_3,
          aquarium_window_fake, aquarium_window_1, aquarium_window_corner,
          aquarium_view_2e, aquarium_view_2b, aquarium_balcony_1a,
          amethyst_killhole, minmay_snake_closets, uniq_natasha
D:3:      lemuel_coloured_pillars_altar, uniq_ijyb
D:4:      dancing_weapons_uskayaw, lemuel_doored_altar, portal_sewer_entry_d,
          uniq_sigmund, uniq_pikel
D:5:      nicolae_dithmenos_through_a_glass_darkly, temple_fountains,
          first_ration, uniq_blork_the_orc, uniq_edmund
D:6:      nicolae_ru_the_path_less_chosen, uniq_prince_ribbit1
D:8:      nicolae_whirlpool, gammafunk_temple_overflow_statue, basic_altar,
          grunt_decor_clamped, uniq_psyche
D:9:      tso_oasis_becter, evilmike_ruin_ashenzari,
          grunt_lair_entry_orc_guard_hut, serial_curves, eino_curves_01,
          eino_curves_01, hangedman_ranch, mrwooster_statue_mirror,
          nrook_guardian_serpent_double
D:10:     cheibrodos_ideogram_h
D:12:     minmay_outward_triangles, minmay_orc_entry_guard_dogs
Temple:   minmay_temple_bridge_abc
Sewer:    sewer_co_15_rooms

Table legend:
 A = Turns spent in this place as a percentage of turns spent in the entire game.
 B = Non-inter-level travel turns spent in this place as a percentage of non-inter-level travel turns spent in the entire game.
 C = Inter-level travel turns spent in this place as a percentage of turns spent in this place.
 D = Turns resting spent in this place as a percentage of non-inter-level travel turns spent in this place.
 E = Turns spent auto-exploring this place as a percentage of non-inter-level travel turns spent in this place.
 F = Non-inter-level travel turns spent in this place divided by the number of levels of this place that you've seen.
                   A       B       C       D       E      F
               +-------+-------+-------+-------+-------+----------------------
         Total | 100.0 | 100.0 |   3.8 |  24.7 |  52.9 | 966.9
       Dungeon |  94.5 |  94.4 |   3.9 |  24.6 |  53.3 | 1064.6
        Temple |   1.5 |   1.4 |   6.8 |   0.0 |  89.5 | 191.0
         Sewer |   4.1 |   4.2 |   0.0 |  36.1 |  33.9 | 570.0
               +-------+-------+-------+-------+-------+----------------------

Table legend:
 A = Kills in this place as a percentage of kills in entire the game.
 B = Kills by you in this place as a percentage of kills by you in the entire game.
 C = Kills by friends in this place as a percentage of kills by friends in the entire game.
 D = Other kills in this place as a percentage of other kills in the entire game.
 E = Experience gained in this place as a percentage of experience gained in the entire game.
 F = Experience gained in this place divided by the number of levels of this place that you have seen.
                   A       B       C       D       E      F
               +-------+-------+-------+-------+-------+----------------------
         Total | 100.0 | 100.0 | 100.0 |   N/A | 100.0 | 2188.9
       Dungeon |  94.0 |  92.8 | 100.0 |   N/A |  99.3 | 2536.8
         Sewer |   6.0 |   7.2 |   0.0 |   N/A |   0.7 | 202.0
               +-------+-------+-------+-------+-------+----------------------
